| TOP OF THE 1ST |
|
Wisconsin Timber Rattlers batting - Pitching for South Bend Cubs : LHP Jerry Tyson
|
|
Pitching: LHP Jerry Tyson
|
|
|
Batting: SHB Aaron Neill
|
0-0: Ball 1-0: Called Strike 1-1: Ball 2-1: Foul Ball, location: 2F 2-2: SINGLE (Line Drive, 8RS, EV 94.4 MPH)
|
|
Batting: RHB Ryan Miller
|
0-0: Fly out, F9 (Flyball, 9, EV 95.0 MPH)
|
|
Batting: LHB Jason Raker
|
0-0: Called Strike 0-1: Ball Aaron Neill steals 2nd base (no throw) 1-1: Swinging Strike 1-2: SINGLE (Line Drive, 56, EV 101.9 MPH) Aaron Neill to third
|
|
Batting: SHB Justin Hensley
|
0-0: Swinging Strike 0-1: Foul Ball, location: 2F 0-2: Ball 1-2: Strikes out looking Jason Raker steals 2nd base Batter strikes out.
|
|
Batting: LHB Karel Hort
|
0-0: DOUBLE (Groundball, 3L, EV 98.1 MPH) Aaron Neill scores Jason Raker scores
|
|
Batting: RHB Chris Maul
|
0-0: Swinging Strike 0-1: Ball 1-1: Swinging Strike 1-2: Ball 2-2: Strikes out swinging
|
| Top of the 1st over - 2 runs, 3 hits, 0 errors, 1 left on base; Wisconsin 2 - South Bend 0 |
| BOTTOM OF THE 1ST |
|
South Bend Cubs batting - Pitching for Wisconsin Timber Rattlers : RHP Mike Ellinwood
|
|
Pitching: RHP Mike Ellinwood
|
|
|
Batting: RHB Andy Huntley
|
0-0: Ball 1-0: Called Strike 1-1: Swinging Strike 1-2: Foul Ball, location: 2F 1-2: Ball 2-2: Foul Ball, location: 2F 2-2: Fly out, F9 (Flyball, 9D, EV 94.4 MPH)
|
|
Batting: RHB Hugo Torrez
|
0-0: Ball 1-0: Called Strike 1-1: Ball 2-1: Ball 3-1: Ground out 4-3 (Groundball, 34, EV 85.6 MPH)
|
|
Batting: RHB Roy Battist
|
0-0: Called Strike 0-1: Ball 1-1: Foul Ball, location: 2F 1-2: Ball 2-2: SOLO HOME RUN (Flyball, 7LD, EV 90.0 MPH), Distance : 354 ft
|
|
Batting: RHB Juan Bonilla
|
0-0: Ball 1-0: Ball 2-0: Called Strike 2-1: Called Strike 2-2: Strikes out swinging
|
| Bottom of the 1st over - 1 run, 1 hit, 0 errors, 0 left on base; Wisconsin 2 - South Bend 1 |
| TOP OF THE 2ND |
|
Wisconsin Timber Rattlers batting - Pitching for South Bend Cubs : LHP Jerry Tyson
|
|
Batting: RHB Dan Allred
|
0-0: Called Strike 0-1: Ball 1-1: Ground out 1-3 (Groundball, P, EV 71.2 MPH)
|
|
Batting: SHB Robert Sayer
|
0-0: DOUBLE (Groundball, 5L, EV 100.6 MPH)
|
|
Batting: RHB Chris Fruit
|
0-0: Ball Wild Pitch! Robert Sayer to third 1-0: Ball 2-0: Foul Ball, location: 2F 2-1: Ball 3-1: Base on Balls
|
|
Batting: SHB Aaron Neill
|
0-0: Called Strike Chris Fruit steals 2nd base 0-1: Ball 1-1: Ball 2-1: Ball 3-1: Base on Balls
|
|
Batting: RHB Ryan Miller
|
0-0: Ball 1-0: Called Strike 1-1: Ball 2-1: Ball 3-1: Foul Ball, location: 2F 3-2: Ground out 6-3 (Groundball, 56, EV 108.1 MPH) Robert Sayer scores Chris Fruit to third Aaron Neill to second
|
|
Batting: LHB Jason Raker
|
0-0: Ball 1-0: Ground out 4-3 (Groundball, 4, EV 86.2 MPH)
|
| Top of the 2nd over - 1 run, 1 hit, 0 errors, 2 left on base; Wisconsin 3 - South Bend 1 |
| BOTTOM OF THE 2ND |
|
South Bend Cubs batting - Pitching for Wisconsin Timber Rattlers : RHP Mike Ellinwood
|
|
Batting: RHB Han-seung Hah
|
0-0: Called Strike 0-1: Ball 1-1: Ball 2-1: Ball 3-1: Called Strike 3-2: Foul Ball, location: 2F 3-2: Ground out 6-3 (Groundball, 6, EV 102.5 MPH)
|
|
Batting: RHB Denis Rachin
|
0-0: Ball 1-0: Ball 2-0: Ball 3-0: Foul Ball, location: 2F 3-1: Base on Balls
|
|
Batting: RHB Dylan Burke
|
0-0: Foul Ball, location: 2F 0-1: SINGLE (Groundball, 6MD, EV 99.4 MPH) Denis Rachin to second
|
|
Batting: LHB Adam Conover
|
0-0: Ball 1-0: Foul Ball, location: 2F 1-1: Swinging Strike 1-2: Ball 2-2: Strikes out swinging
|
|
Batting: RHB Ryan Bush
|
0-0: Ball 1-0: Ball 2-0: Called Strike 2-1: Foul Ball, location: 2F 2-2: Strikes out swinging
|
| Bottom of the 2nd over - 0 runs, 1 hit, 0 errors, 2 left on base; Wisconsin 3 - South Bend 1 |
| TOP OF THE 3RD |
|
Wisconsin Timber Rattlers batting - Pitching for South Bend Cubs : LHP Jerry Tyson
|
|
Batting: SHB Justin Hensley
|
0-0: Ball 1-0: Called Strike 1-1: Foul Ball, location: 2F 1-2: Ground out U3 (Groundball, 3, EV 91.2 MPH)
|
|
Batting: LHB Karel Hort
|
0-0: Called Strike 0-1: Ball 1-1: Ball 2-1: Foul Ball, location: 2F 2-2: Foul Ball, location: 2F 2-2: Ball 3-2: Base on Balls
|
|
Batting: RHB Chris Maul
|
0-0: Called Strike 0-1: Fielders Choice at 2nd, 3-6 (Groundball, 3, EV 82.5 MPH)
|
|
Batting: RHB Dan Allred
|
0-0: Ball Chris Maul steals 2nd base 1-0: Called Strike 1-1: Fly out, F7 (Flyball, 7, EV 92.5 MPH)
|
| Top of the 3rd over - 0 runs, 0 hits, 0 errors, 1 left on base; Wisconsin 3 - South Bend 1 |
| BOTTOM OF THE 3RD |
|
South Bend Cubs batting - Pitching for Wisconsin Timber Rattlers : RHP Mike Ellinwood
|
|
Batting: RHB Andy Huntley
|
0-0: Ball 1-0: Called Strike 1-1: Foul Ball, location: 2F 1-2: Ground out 6-3 (Groundball, 6M, EV 84.4 MPH)
|
|
Batting: RHB Hugo Torrez
|
0-0: Swinging Strike 0-1: Ground out U3 (Groundball, 3S, EV 93.1 MPH)
|
|
Batting: RHB Roy Battist
|
0-0: Called Strike 0-1: Ball 1-1: Ball 2-1: Fly out, F8 (Flyball, 89M, EV 89.4 MPH)
|
| Bottom of the 3rd over - 0 runs, 0 hits, 0 errors, 0 left on base; Wisconsin 3 - South Bend 1 |
| TOP OF THE 4TH |
|
Wisconsin Timber Rattlers batting - Pitching for South Bend Cubs : LHP Jerry Tyson
|
|
Batting: SHB Robert Sayer
|
0-0: Ball 1-0: Swinging Strike 1-1: Ball 2-1: Ground out 6-3 (Groundball, 6M, EV 87.5 MPH)
|
|
Batting: RHB Chris Fruit
|
0-0: Ball 1-0: Ball 2-0: Foul Ball, location: 2F 2-1: Foul Ball, location: 2F 2-2: Ball 3-2: SINGLE (Line Drive, 89M, EV 98.8 MPH)
|
|
Batting: SHB Aaron Neill
|
0-0: Ball 1-0: Called Strike 1-1: Swinging Strike 1-2: Ball 2-2: Fly out, F9 (Flyball, 89M, EV 88.1 MPH)
|
|
Batting: RHB Ryan Miller
|
0-0: Foul Ball, location: 2F 0-1: Ball 1-1: Foul Ball, location: 2F 1-2: Strikes out swinging
|
| Top of the 4th over - 0 runs, 1 hit, 0 errors, 1 left on base; Wisconsin 3 - South Bend 1 |
| BOTTOM OF THE 4TH |
|
South Bend Cubs batting - Pitching for Wisconsin Timber Rattlers : RHP Mike Ellinwood
|
|
Batting: RHB Juan Bonilla
|
0-0: Called Strike 0-1: Swinging Strike 0-2: Ball 1-2: Ground out 6-3 (Groundball, 6, EV 83.1 MPH)
|
|
Batting: RHB Han-seung Hah
|
0-0: Ball 1-0: Foul Ball, location: 2F 1-1: SINGLE (Groundball, 4MS, EV 74.4 MPH) (infield hit)
|
|
Batting: RHB Denis Rachin
|
0-0: Ball 1-0: Called Strike 1-1: Ball 2-1: Fly out, F8 (Flyball, 78D, EV 98.1 MPH)
|
|
Batting: RHB Dylan Burke
|
0-0: Foul Ball, location: 2F 0-1: Called Strike 0-2: Fly out, F7 (Flyball, 7, EV 75.6 MPH)
|
| Bottom of the 4th over - 0 runs, 1 hit, 0 errors, 1 left on base; Wisconsin 3 - South Bend 1 |
| TOP OF THE 5TH |
|
Wisconsin Timber Rattlers batting - Pitching for South Bend Cubs : LHP Jerry Tyson
|
|
Batting: LHB Jason Raker
|
0-0: Ball 1-0: Ball 2-0: Ball 3-0: Ground out 5-3 (Groundball, 5, EV 79.4 MPH)
|
|
Batting: SHB Justin Hensley
|
0-0: Called Strike 0-1: Ball 1-1: Foul Ball, location: 2F 1-2: Ball 2-2: Foul Ball, location: 2F 2-2: Foul Ball, location: 2F 2-2: Ball 3-2: Foul Ball, location: 2F 3-2: Ground out 5-3 (Groundball, 56S, EV 81.9 MPH)
|
|
Batting: LHB Karel Hort
|
0-0: Ball 1-0: Foul Ball, location: 2F 1-1: Ball 2-1: Foul Ball, location: 2F 2-2: Ball 3-2: Base on Balls
|
|
Pitching: LHP Alex Gandarilla
|
|
|
Batting: RHB Chris Maul
|
0-0: Called Strike 0-1: SINGLE (Flyball, 8RS, EV 91.9 MPH) Karel Hort to second
|
|
Batting: RHB Dan Allred
|
0-0: Called Strike 0-1: Ball 1-1: Swinging Strike 1-2: Strikes out looking
|
| Top of the 5th over - 0 runs, 1 hit, 0 errors, 2 left on base; Wisconsin 3 - South Bend 1 |
| BOTTOM OF THE 5TH |
|
South Bend Cubs batting - Pitching for Wisconsin Timber Rattlers : RHP Mike Ellinwood
|
|
Batting: LHB Adam Conover
|
0-0: Swinging Strike 0-1: Fly out, F8 (Flyball, 78S, EV 90.0 MPH)
|
|
Batting: RHB Ryan Bush
|
0-0: Ball 1-0: Ground out 5-3 (Groundball, 56S, EV 85.6 MPH)
|
|
Batting: RHB Andy Huntley
|
0-0: Ball 1-0: Swinging Strike 1-1: Ball 2-1: SINGLE (Flyball, 4MD, EV 84.4 MPH)
|
|
Batting: RHB Hugo Torrez
|
0-0: Foul Ball, location: 2F 0-1: Foul Ball, location: 2F 0-2: Foul Ball, location: 2F 0-2: Ball 1-2: SINGLE (Line Drive, 89M, EV 95.0 MPH) Andy Huntley to second Andy Huntley to third
|
|
Batting: RHB Roy Battist
|
0-0: Fly out, F9 (Flyball, 9LSF, EV 94.4 MPH)
|
| Bottom of the 5th over - 0 runs, 2 hits, 0 errors, 2 left on base; Wisconsin 3 - South Bend 1 |
| TOP OF THE 6TH |
|
Wisconsin Timber Rattlers batting - Pitching for South Bend Cubs : LHP Alex Gandarilla
|
|
Batting: SHB Robert Sayer
|
0-0: Called Strike 0-1: Ball 1-1: Foul Ball, location: 2F 1-2: Strikes out swinging
|
|
Batting: RHB Chris Fruit
|
0-0: Called Strike 0-1: Foul Ball, location: 2F 0-2: Foul Ball, location: 2F 0-2: Foul Ball, location: 2F 0-2: Ball 1-2: Fly out, F7 (Flyball, 7, EV 88.8 MPH)
|
|
Batting: SHB Aaron Neill
|
0-0: Ball 1-0: Ball 2-0: Called Strike 2-1: Ball 3-1: Base on Balls
|
|
Pitching: RHP Angel Pesina
|
|
|
Batting: RHB Ryan Miller
|
0-0: Called Strike 0-1: Fly out, F7 (Flyball, 7, EV 84.4 MPH)
|
| Top of the 6th over - 0 runs, 0 hits, 0 errors, 1 left on base; Wisconsin 3 - South Bend 1 |
| BOTTOM OF THE 6TH |
|
South Bend Cubs batting - Pitching for Wisconsin Timber Rattlers : RHP Mike Ellinwood
|
|
Batting: RHB Juan Bonilla
|
0-0: Called Strike 0-1: SINGLE (Line Drive, 7S, EV 102.5 MPH)
|
|
Batting: RHB Han-seung Hah
|
0-0: Called Strike 0-1: Called Strike 0-2: Fielders Choice at 2nd, 6-4 (Groundball, 6, EV 84.4 MPH)
|
|
Batting: RHB Denis Rachin
|
0-0: Ball 1-0: Called Strike 1-1: SINGLE (Groundball, 56S, EV 73.8 MPH) (infield hit) Han-seung Hah to second
|
|
Pinch Runner at 2nd Puluke Konane:
|
|
|
Batting: RHB Dylan Burke
|
0-0: Ball 1-0: Ball 2-0: Ball 3-0: Called Strike 3-1: Fly out, F7 (Flyball, 78M, EV 86.9 MPH)
|
|
Batting: LHB Adam Conover
|
0-0: Foul Ball, location: 2F 0-1: Swinging Strike 0-2: Ball 1-2: Foul Ball, location: 2F 1-2: Ball 2-2: Fly out, F9 (Flyball, 9, EV 81.2 MPH)
|
| Bottom of the 6th over - 0 runs, 2 hits, 0 errors, 2 left on base; Wisconsin 3 - South Bend 1 |
| TOP OF THE 7TH |
|
Wisconsin Timber Rattlers batting - Pitching for South Bend Cubs : RHP Angel Pesina
|
|
Now in RF: Puluke Konane
|
|
|
Batting: LHB Jason Raker
|
0-0: Ball 1-0: Ball 2-0: Called Strike 2-1: DOUBLE (Line Drive, 7LM, EV 93.1 MPH)
|
|
Batting: SHB Justin Hensley
|
0-0: Foul Ball, location: 2F 0-1: Ball 1-1: Reached via error on a dropped throw from 1B, E1 (Groundball, 34, EV 95.6 MPH) Jason Raker to third
|
|
Batting: LHB Karel Hort
|
0-0: Ball 1-0: Ball 2-0: Called Strike 2-1: Called Strike 2-2: Foul Ball, location: 2F 2-2: Ball 3-2: Strikes out swinging
|
|
Batting: RHB Chris Maul
|
0-0: Ball Wild Pitch! Jason Raker scores Justin Hensley to second 1-0: Called Strike 1-1: Ball 2-1: Ball 3-1: Base on Balls
|
|
Batting: RHB Dan Allred
|
0-0: Grounds into double play, 3-6-3 (Groundball, 34, EV 85.6 MPH)
|
| Top of the 7th over - 1 run, 1 hit, 1 error, 1 left on base; Wisconsin 4 - South Bend 1 |
| BOTTOM OF THE 7TH |
|
South Bend Cubs batting - Pitching for Wisconsin Timber Rattlers : RHP Mike Ellinwood
|
|
Pitching: RHP Danny Newbegin
|
|
|
Batting: RHB Ryan Bush
|
0-0: Foul Ball, location: 2F 0-1: SINGLE (Groundball, 25, EV 68.1 MPH) (infield hit)
|
|
Batting: RHB Andy Huntley
|
0-0: Called Strike 0-1: Foul Ball, location: 2F 0-2: Ball 1-2: Ball 2-2: Foul Ball, location: 2F 2-2: Foul Ball, location: 2F 2-2: Ball 3-2: Base on Balls Ryan Bush to second
|
|
Batting: RHB Hugo Torrez
|
0-0: Ball 1-0: Ball 2-0: Sac Bunt to 2L - play at first, batter OUT! 2-4 Ryan Bush to third Andy Huntley to second
|
|
Batting: RHB Roy Battist
|
0-0: Ball Wild Pitch! Ryan Bush scores Andy Huntley to third 1-0: Ball 2-0: Foul Ball, location: 2F 2-1: Swinging Strike 2-2: Strikes out swinging
|
|
Batting: RHB Juan Bonilla
|
0-0: Ball 1-0: Called Strike 1-1: Ball 2-1: Swinging Strike 2-2: Reached via error on a dropped throw from 1B, E1 (Groundball, 34S, EV 86.2 MPH) Andy Huntley scores
|
|
Batting: RHB Puluke Konane
|
0-0: Called Strike 0-1: Ground out 1-3 (Groundball, 15S, EV 67.5 MPH)
|
| Bottom of the 7th over - 2 runs, 1 hit, 1 error, 1 left on base; Wisconsin 4 - South Bend 3 |
| TOP OF THE 8TH |
|
Wisconsin Timber Rattlers batting - Pitching for South Bend Cubs : RHP Angel Pesina
|
|
Pitching: LHP Tom Mooney
|
|
|
Batting: SHB Robert Sayer
|
0-0: Called Strike 0-1: Called Strike 0-2: Ball 1-2: Foul Ball, location: 2F 1-2: Strikes out swinging
|
|
Batting: RHB Chris Fruit
|
0-0: Called Strike 0-1: Ball 1-1: Called Strike 1-2: Foul Ball, location: 2F 1-2: Ball 2-2: Ball 3-2: Foul Ball, location: 2F 3-2: Base on Balls
|
|
Batting: SHB Aaron Neill
|
0-0: Ball 1-0: Foul Ball, location: 2F 1-1: Ball 2-1: Called Strike 2-2: Ball 3-2: Strikes out swinging
|
|
Batting: RHB Ryan Miller
|
0-0: Called Strike 0-1: Ball 1-1: Ball 2-1: Ground out 4-3 (Groundball, 34S, EV 91.9 MPH)
|
| Top of the 8th over - 0 runs, 0 hits, 0 errors, 1 left on base; Wisconsin 4 - South Bend 3 |
| BOTTOM OF THE 8TH |
|
South Bend Cubs batting - Pitching for Wisconsin Timber Rattlers : RHP Danny Newbegin
|
|
Pitching: RHP Johnathan Starr
|
|
|
Batting: RHB Denis Rachin
|
0-0: Ball 1-0: Ball 2-0: Ball 3-0: Called Strike 3-1: SINGLE (Line Drive, 89M, EV 95.6 MPH)
|
|
Batting: RHB Dylan Burke
|
0-0: Ball 1-0: Foul Ball, location: 2F 1-1: DOUBLE (Line Drive, 7LS, EV 95.6 MPH) Denis Rachin to third
|
|
Batting: LHB Adam Conover
|
0-0: Ball 1-0: Fly out, F8 (Flyball, 8LD, EV 104.4 MPH)
|
|
Batting: RHB Ryan Bush
|
0-0: Called Strike 0-1: Ball 1-1: Foul Ball, location: 2F 1-2: Foul Ball, location: 2F 1-2: Hit by Pitch
|
|
Batting: RHB Andy Huntley
|
0-0: Called Strike 0-1: Swinging Strike 0-2: Ball 1-2: Ball 2-2: Ball 3-2: Hit by Pitch Denis Rachin scores Dylan Burke to third Ryan Bush to second
|
|
Batting: RHB Hugo Torrez
|
0-0: Called Strike 0-1: Ball 1-1: Called Strike 1-2: Foul Ball, location: 2F 1-2: Ball 2-2: Grounds into fielders choice 3-2 (Groundball, 3, EV 83.8 MPH) Ryan Bush to third Andy Huntley to second
|
|
Batting: RHB Roy Battist
|
0-0: Foul Ball, location: 2F 0-1: Ball 1-1: Swinging Strike 1-2: Ball 2-2: Fly out, F8 (Flyball, 8LM, EV 83.8 MPH)
|
| Bottom of the 8th over - 1 run, 2 hits, 0 errors, 3 left on base; Wisconsin 4 - South Bend 4 |
| TOP OF THE 9TH |
|
Wisconsin Timber Rattlers batting - Pitching for South Bend Cubs : LHP Tom Mooney
|
|
Pitching: RHP Jose Mata
|
|
|
Batting: LHB Jason Raker
|
0-0: Called Strike 0-1: Foul Ball, location: 2F 0-2: Foul Ball, location: 2F 0-2: Ball 1-2: Fly out, F9 (Line Drive, 89M, EV 106.2 MPH)
|
|
Batting: SHB Justin Hensley
|
0-0: Called Strike 0-1: Swinging Strike 0-2: Strikes out swinging
|
|
Batting: LHB Karel Hort
|
0-0: Ball 1-0: DOUBLE (Flyball, 8LXD, EV 108.8 MPH)
|
|
Pinch Hitting: LHB Tyler Francis
|
0-0: Intentional Walk
|
|
Pinch Hitting: LHB Mark Backstrom
|
0-0: Called Strike 0-1: Swinging Strike 0-2: Foul Ball, location: 2F 0-2: Ball 1-2: Foul Ball, location: 2F 1-2: Ground out U3 (Groundball, 34, EV 97.5 MPH)
|
| Top of the 9th over - 0 runs, 1 hit, 0 errors, 2 left on base; Wisconsin 4 - South Bend 4 |
| BOTTOM OF THE 9TH |
|
South Bend Cubs batting - Pitching for Wisconsin Timber Rattlers : RHP Johnathan Starr
|
|
Now at 2B: Jonathan Sarles
|
|
|
Now at 3B: Ramon Perez
|
|
|
Batting: RHB Juan Bonilla
|
0-0: Ball 1-0: Ball 2-0: Fly out, F1 (Line Drive, P, EV 73.8 MPH)
|
|
Batting: RHB Puluke Konane
|
0-0: Ball 1-0: Foul Ball, location: 2F 1-1: Ball 2-1: Foul Ball, location: 2F 2-2: Strikes out swinging
|
|
Batting: RHB Denis Rachin
|
0-0: Ground out 6-3 (Groundball, 6MS, EV 90.0 MPH)
|
| Bottom of the 9th over - 0 runs, 0 hits, 0 errors, 0 left on base; Wisconsin 4 - South Bend 4 |
| TOP OF THE 10TH |
|
Wisconsin Timber Rattlers batting - Pitching for South Bend Cubs : RHP Jose Mata
|
|
Batting: SHB Robert Sayer
|
0-0: Called Strike 0-1: Ground out 1-3 (Groundball, 34S, EV 75.0 MPH)
|
|
Batting: RHB Chris Fruit
|
0-0: Ball 1-0: Ball 2-0: Ball 3-0: Called Strike 3-1: Swinging Strike 3-2: Base on Balls
|
|
Batting: SHB Aaron Neill
|
0-0: Ball 1-0: Foul Ball, location: 2F 1-1: Called Strike 1-2: Strikes out looking
|
|
Batting: RHB Ryan Miller
|
0-0: Foul Ball, location: 2F 0-1: Ball 1-1: Swinging Strike 1-2: Foul Ball, location: 2F 1-2: Strikes out looking
|
| Top of the 10th over - 0 runs, 0 hits, 0 errors, 1 left on base; Wisconsin 4 - South Bend 4 |
| BOTTOM OF THE 10TH |
|
South Bend Cubs batting - Pitching for Wisconsin Timber Rattlers : RHP Johnathan Starr
|
|
Batting: RHB Dylan Burke
|
0-0: Called Strike 0-1: Ball 1-1: Foul Ball, location: 2F 1-2: Foul Ball, location: 2F 1-2: Strikes out swinging
|
|
Batting: LHB Adam Conover
|
0-0: Ball 1-0: Swinging Strike 1-1: Fly out, F9 (Flyball, 89D, EV 103.1 MPH)
|
|
Batting: RHB Ryan Bush
|
0-0: Foul Ball, location: 2F 0-1: DOUBLE (Line Drive, 7LM, EV 107.5 MPH)
|
|
Batting: RHB Andy Huntley
|
0-0: Foul Ball, location: 2F 0-1: Ball 1-1: Foul Ball, location: 2F 1-2: Strikes out swinging
|
| Bottom of the 10th over - 0 runs, 1 hit, 0 errors, 1 left on base; Wisconsin 4 - South Bend 4 |
| TOP OF THE 11TH |
|
Wisconsin Timber Rattlers batting - Pitching for South Bend Cubs : RHP Jose Mata
|
|
Pitching: RHP Eric Allen
|
|
|
Batting: LHB Jason Raker
|
0-0: Ball 1-0: Called Strike 1-1: Swinging Strike 1-2: Ball 2-2: Foul Ball, location: 2F 2-2: Strikes out swinging
|
|
Batting: SHB Justin Hensley
|
0-0: DOUBLE (Flyball, 7LD, EV 92.5 MPH)
|
|
Batting: LHB Karel Hort
|
0-0: Foul Ball, location: 2F 0-1: Called Strike 0-2: Foul Ball, location: 2F 0-2: Foul Ball, location: 2F 0-2: Ball 1-2: Fly out, F4 (Popup, 3D, EV 61.2 MPH)
|
|
Batting: SHB Ramon Perez
|
0-0: Intentional Walk
|
|
Batting: RHB Jonathan Sarles
|
0-0: Ball 1-0: Foul Ball, location: 2F 1-1: Ball 2-1: Called Strike 2-2: Strikes out swinging wild pitch, reaches first! Justin Hensley to third Ramon Perez to second
|
|
Batting: SHB Robert Sayer
|
0-0: Called Strike 0-1: Ball 1-1: Ball 2-1: Swinging Strike 2-2: Strikes out swinging
|
| Top of the 11th over - 0 runs, 1 hit, 0 errors, 3 left on base; Wisconsin 4 - South Bend 4 |
| BOTTOM OF THE 11TH |
|
South Bend Cubs batting - Pitching for Wisconsin Timber Rattlers : RHP Johnathan Starr
|
|
Batting: RHB Hugo Torrez
|
0-0: Called Strike 0-1: Swinging Strike 0-2: Ball 1-2: DOUBLE (Flyball, 78XD, EV 116.9 MPH)
|
|
Pitching: RHP Warren Swan
|
|
|
Batting: RHB Roy Battist
|
0-0: Called Strike 0-1: Swinging Strike 0-2: Ball 1-2: Ball 2-2: Foul Ball, location: 2F 2-2: Ball 3-2: Base on Balls
|
|
Batting: RHB Juan Bonilla
|
0-0: Ball 1-0: Called Strike 1-1: 3-RUN HOME RUN (Flyball, 7LD, EV 94.4 MPH), Distance : 363 ft
|
| Bottom of the 11th over - 3 runs, 2 hits, 0 errors, 0 left on base; Wisconsin 4 - South Bend 7 |
|